 Dungeon Sprint DCSS version 0.20.1-1-g8b1a95d (webtiles) character file.

1294 potatolord6000 the Covert (level 8, -8/80 HPs)
             Began as a Deep Dwarf Fighter on Aug 25, 2017.
             Mangled by a tyrant leech (23 damage)
             ... in the Dungeon (Sprint II: "The Violet Keep of Menkaure").
             The game lasted 00:02:12 (188 turns).

potatolord6000 the Covert (Deep Dwarf Fighter)       Turns: 188, Time: 00:02:12

Health: -8/80      AC:  8    Str: 20    XL:     8   Next: 30%
Magic:  17/17      EV:  8    Int:  9    God:
Gold:   486        SH: 11    Dex: 12    Spells: 19/19 levels left

rFire    . . .     SeeInvis .   a - +0 long sword
rCold    . . .     Gourm    .   c - +0 shield
rNeg     . . .     Faith    .   b - +0 scale mail
rPois    .         Spirit   .   (no helmet)
rElec    .         Reflect  .   (no cloak)
rCorr    .         Harm     .   (no gloves)
MR       +....     NoTele   +   (no boots)
Stlth    +++.......             (no amulet)
Regen    0.0/turn               (no ring)
MPRegen  0.2/turn               (no ring)

@: berserk cooldown, non-regenerating, mildly diseased, slowed, very slow
A: damage resistance, heal wounds, sense surroundings 1, weak 1, MP-powered
wands, no regeneration
a: Heal Wounds


You were in the Dungeon.
You were not hungry.

You visited 1 branch You collected 486 gold pieces.

Inventory:

Hand Weapons
 a - a +0 long sword (weapon)
Armour
 b - a +0 scale mail (worn)
 c - a +0 shield (worn)
Scrolls
 k - a scroll of blinking
Potions
 e - a potion of curing
 i - 2 potions of magic
Comestibles
 f - a bread ration


   Skills:
 + Level 7.5 Fighting
 + Level 7.8 Long Blades
 + Level 9.0 Armour
 + Level 9.8 Stealth
 + Level 8.9 Shields
 + Level 6.2 Spellcasting


You had 19 spell levels left.
You didn't know any spells.

Dungeon Overview and Level Annotations

Branches:
Dungeon (1/1)

Altars:


Innate Abilities, Weirdness & Mutations

You are resistant to damage.
You can heal yourself by infusing magical energy.
You passively map a small area around you.
You do not regenerate.
You are weak. (Str -2)
You expend magic power (3 MP) to strengthen your wands.


Message History

* * * LOW HITPOINT WARNING * * *
The tyrant leech draws strength from your injuries!
You feel much better. The tyrant leech bites you!
The tyrant leech draws strength from your injuries!
There is a staircase leading out of the dungeon here.
You block the tyrant leech's attack.
You open the door. The tyrant leech bites you!
* * * LOW HITPOINT WARNING * * *
The tyrant leech draws strength from your injuries!
The tyrant leech bites you but does no damage.
There is an open door, spattered with blood here.
You see here a necrophage corpse.
There's a creature in the doorway!
You hit the tyrant leech but do no damage.
The tyrant leech bites you!
* * * LOW HITPOINT WARNING * * *
The tyrant leech draws strength from your injuries!
Your shield prevents you from hitting the tyrant leech.
The tyrant leech bites you!!
You die...

* * ,.§§ ,, ≈≈
,##+##,,* , , ,
≈≈##...## * ≈≈
#..##.# ,, ∩ ,*
######.####, * *
∩ ,*
##.###+###.## ,
#..†##.##.).#, ,
∩,'≈+.##w.<.+.#,
* #..@##.##...#
, ##.###†###.##
, * ****
###*.#.* ## ,, *
≈ .. .. ≈≈≈≈ ≈ *
##. $## ≈ ≈ * *
≈ ## ##≈ ≈ ≈ * ≈
≈ ≈≈ , + ≈≈ *


You could see a tyrant leech.

Vanquished Creatures
  A merfolk siren (D)
  A tyrant leech (D)
  3 neqoxecs (D)
  4 necrophages (D)
9 creatures vanquished.

Vanquished Creatures (others)
  A crocodile (D)
1 creature vanquished.

Grand Total: 10 creatures vanquished

Notes
Turn   | Place    | Note
-------+----------+-------------------------------------------
     0 | D        | potatolord6000 the Deep Dwarf Fighter began the quest for the Orb.
     0 | D        | Reached XP level 1. HP: 20/20 MP: 1/1
     1 | D        | Noticed a neqoxec
     2 | D        | Noticed a crimson imp
    10 | D        | Noticed a neqoxec
    10 | D        | Gained mutation: You are weak. (Str -2) [a neqoxec]
    15 | D        | Killed a neqoxec
    15 | D        | Reached skill level 5 in Armour
    15 | D        | Reached skill level 5 in Stealth
    15 | D        | Reached skill level 5 in Shields
    15 | D        | Reached XP level 2. HP: 21/31 MP: 1/6
    15 | D        | Reached XP level 3. HP: 25/37 MP: 1/7
    15 | D        | Reached XP level 4. HP: 31/45 MP: 1/8
    22 | D        | Gained mutation: You expend magic power (3 MP) to strengthen your wands. [a neqoxec]
    23 | D        | Killed a neqoxec
    23 | D        | Reached skill level 5 in Fighting
    23 | D        | Reached skill level 5 in Long Blades
    23 | D        | Reached XP level 5. HP: 36/52 MP: 1/11
    23 | D        | Reached XP level 6. HP: 42/61 MP: 1/12
    25 | D        | Noticed a flying skull
    25 | D        | Noticed a flying skull
    25 | D        | Noticed a flying skull
    25 | D        | Noticed a neqoxec
    26 | D        | Noticed a flying skull
    26 | D        | Noticed a flying skull
    26 | D        | Noticed a neqoxec
    34 | D        | Killed a neqoxec
    51 | D        | Noticed a merfolk siren
    84 | D        | Killed a merfolk siren
    84 | D        | Reached skill level 5 in Spellcasting
    84 | D        | Reached XP level 7. HP: 47/70 MP: 9/15
   119 | D        | Reached XP level 8. HP: 57/73 MP: 14/16
   148 | D        | Noticed a tyrant leech
   148 | D        | Noticed a tyrant leech
   166 | D        | Killed a tyrant leech
   188 | D        | Mangled by a tyrant leech

Skill      XL: |  1  2  3  4  5  6  7  8 |
---------------+-------------------------+-----
Fighting       | 4 5 6 7 |  7.5
Long Blades    | 4 5 7 |  7.8
Armour         | 5 6 8 9 |  9.0
Stealth        | 5 6 8 9 |  9.8
Shields        | 5 6 8 |  8.9
Spellcasting   | 3 4 5 6 |  6.2

Action                   |  1- 3 |  4- 6 |  7- 9 || total
-------------------------+-------+-------+-------++-------
Melee: Long sword        |    11 |    45 |    70 ||   126
 Abil: Heal Wounds       |       |     1 |     7 ||     8
  Use: Potion            |     2 |     1 |     1 ||     4
Armor: Scale mail        |     4 |     3 |    18 ||    25
Dodge: Dodged            |     1 |     4 |    13 ||    18
Block: Shield            |     6 |     6 |    37 ||    49
       Rpst.: Long sword |       |       |     3 ||     3
